 Seeded DCSS version 0.31-a0-339-gda1cbd555d (webtiles) character file.

Game seed: 14215367866634240820 (custom seed)

564 innerfire43 the Chopper (level 7, -2/54 HPs)
             Began as a Demonspawn Monk on July 20, 2023.
             Slain by a black bear (5 damage)
             ... on level 5 of the Dungeon.
             The game lasted 00:04:36 (3699 turns).

innerfire43 the Chopper (Demonspawn Monk)           Turns: 3699, Time: 00:04:36

Health: -2/54      AC:  6    Str: 13    XL:     7   Next: 10%
Magic:  7/7        EV:  5    Int: 12    God:
Gold:   173        SH: 31    Dex: 15    Spells: 6/6 levels left

rFire   . . .        m - +0 war axe
rCold   . . .        r - +18 shield of the Gong {Loud rN+ Will+ rCorr EV-5}
rNeg    + . .        b - +0 robe
rPois   .            j - +2 helmet
rElec   .            (no cloak)
rCorr   +            (no gloves)
SInv    .            q - +0 pair of boots
Will    +....        (no amulet)
Stlth   +            (no ring)
HPRegen 0.29/turn    (no ring)
MPRegen 0.10/turn

%: no passive effects
@: no status effects
A: demonic guardian 2, condensation shield
a: no special abilities


You were on level 5 of the Dungeon.
You visited 1 branch of the dungeon, and saw 5 of its levels.

You collected 173 gold pieces.

Inventory:

Hand Weapons
 m - a +0 war axe (weapon)
Missiles
 h - 5 silver javelins (quivered)
Armour
 b - a +0 robe (worn)
 d - an orb of light
 j - a +2 helmet (worn)
 q - a +0 pair of boots (worn)
 r - the +18 shield of the Gong (worn) {Loud rN+ Will+ rCorr EV-5}
   (You acquired it on level 3 of the Dungeon)

   Loud:      It is deafeningly noisy when blocking attacks.
   EV:        It affects your evasion (-5).
   rN:        It protects you from negative energy.
   rCorr:     It protects you from acid and corrosion.
   Will:      It increases your willpower.
Wands
 s - a wand of roots (6)
 t - a wand of polymorph (12)
Scrolls
 e - a scroll of enchant weapon {unknown}
 f - a scroll of fog {unknown}
 i - a scroll of amnesia {unknown}
 k - 4 scrolls of enchant armour {unknown}
 l - a scroll of poison {unknown}
 n - a scroll of torment {unknown}
 o - a scroll of teleportation {unknown}
 p - 2 scrolls of identify {unknown}
Potions
 a - a potion of berserk rage {unknown}
 c - a potion of ambrosia
 g - 2 potions of curing {unknown}


   Skills:
 - Level 4.0 Fighting
 * Level 5.0 Axes
 - Level 3.2 Armour
 - Level 2.6 Dodging
 * Level 3.1 Shields


You had 6 spell levels left.
You didn't know any spells.
Your spell library contained the following spells:

 Spells                   Type           Power      Damage    Failure   Level
 Apportation              Tloc           0%         N/A       75%         1
 Necrotise                Necr           0%         1d4       75%         1
 Sandblast                Erth           0%         2d4       75%         1
 Summon Small Mammal      Summ           0%         N/A       75%         1
 Passwall                 Tmut/Erth      0%         N/A       87%         2
 Gell's Gravitas          Tloc           0%         N/A       98%         3
 Stone Arrow              Conj/Erth      0%         3d7       98%         3
 Teleport Other           Tloc           0%         N/A       98%         3
 Dispersal                Tloc           0%         N/A       100%        6


Dungeon Overview and Level Annotations

Branches:
Dungeon (5/15)
 Temple: D:4-7

Altars:

Shops:
D:4 [


Innate Abilities, Weirdness & Mutations

A demonic guardian rushes to your aid.
A meltable shield of frost defends you. (SH +4)


Message History

The black bear bites you but does no damage.
The black bear closely misses you. You block the black bear's attack.
GONNNNG!
You hear a shout!
You hear an angry hiss.
You slash the black bear!
The black bear is heavily wounded.
You block the black bear's attack.
PTOANNNG!
The black bear claws you.
* * * LOW HITPOINT WARNING * * *
You block the black bear's attack.
PTOANNNG!
You slash the black bear!
The black bear is severely wounded.
The black bear goes berserk!
You block the black bear's attack.
GONNNNG!
You block the black bear's attack.
SHROANNG!
The black bear claws you.
* * * LOW HITPOINT WARNING * * *
You hear a shout!
You hear an angry hiss.
You hit the black bear.
The black bear is almost dead.
The black bear barely misses you. You block the black bear's attack.
GONNNNG!
The black bear claws you.
* * * LOW HITPOINT WARNING * * *
A demonic guardian appears!
You block the black bear's attack.
GONNNNG!
You block the black bear's attack.
SHROANNG!
The black bear claws you but does no damage.
The black bear attacks as you move away!
You block the black bear's attack.
PTOANNNG!
The black bear claws you.
* * * LOW HITPOINT WARNING * * *
You block the black bear's attack.
BONNNG!
The black bear bites you.
You die...

##. ## .. .# #.
.# #.####.#
#......##
#..††...#
###.#.......#####
.......h4........
.##.###@#'######
# #.#......#
..#..###.#
.###..###.#
#.###......#
#..........#
#####.####...#
#.# #..
#.#######.


You could see a black bear (berserk, ally target) and a friendly ice devil
(summoned).

Vanquished Creatures
  2 hounds (D:5)
  An orc priest (D:3)
  2 iguanas
  Ijyb (D:4)
  Terence (D:3)
  4 gnolls (D:2)
  3 adders
  2 worms
  2 dart slugs
  3 orcs (D:3)
  9 ball pythons
  7 endoplasms
  7 giant cockroaches
  8 goblins
  5 hobgoblins
  6 jackals (D:1)
  6 kobolds
  9 quokkas
  5 bats
  5 frilled lizards
  4 rats
92 creatures vanquished.

Vanquished Creatures (collateral kills)
  2 black bears (D:4)
  An adder (D:4)
  An orc (D:4)
  3 endoplasms
  A hobgoblin (D:2)
  A goblin (D:4)
9 creatures vanquished.

Grand Total: 101 creatures vanquished

Notes
Turn   | Place    | Note
-------+----------+-------------------------------------------
     0 | D:1      | innerfire43 the Demonspawn Monk began the quest for the
                  | Orb.
     0 | D:1      | Reached XP level 1. HP: 18/18 MP: 1/1
    50 | D:1      | Reached skill level 1 in Armour
    50 | D:1      | Gained mutation: A weak demonic guardian rushes to your
                  | aid. [demonic ancestry]
    50 | D:1      | Reached XP level 2. HP: 13/24 MP: 2/2
   355 | D:1      | Reached skill level 3 in Axes
   461 | D:1      | Reached XP level 3. HP: 28/29 MP: 3/3
  1131 | D:2      | Gained mutation: A demonic guardian rushes to your aid.
                  | [demonic ancestry]
  1131 | D:2      | Reached XP level 4. HP: 21/35 MP: 4/4
  1697 | D:3      | Reached XP level 5. HP: 16/42 MP: 5/5
  1957 | D:3      | Noticed Terence
  1968 | D:3      | Killed Terence
  2386 | D:3      | Identified a scroll of acquirement
  2386 | D:3      | Acquired the +18 shield of the Gong {Loud rN+ Will+ rCorr
                  | EV-5}
  2386 | D:3      | Found the +18 shield of the Gong {Loud rN+ Will+ rCorr
                  | EV-5}
  2558 | D:4      | Noticed a black bear
  2576 | D:4      | Killed a black bear
  2577 | D:4      | Reached skill level 4 in Axes
  2577 | D:4      | Reached skill level 1 in Shields
  2577 | D:4      | Reached XP level 6. HP: 8/48 MP: 6/6
  2819 | D:4      | Noticed Ijyb
  2833 | D:4      | Killed Ijyb
  2970 | D:4      | Found Junwutirr's Armour Shoppe.
  3622 | D:5      | Entered Level 5 of the Dungeon
  3683 | D:5      | Gained mutation: A meltable shield of frost defends you.
                  | (SH +4) [demonic ancestry]
  3683 | D:5      | Reached XP level 7. HP: 35/54 MP: 7/7
  3686 | D:5      | Reached skill level 5 in Axes
  3699 | D:5      | HP: 2/54 [black bear (5)]
  3699 | D:5      | Slain by a black bear

Illustrated notes

Levels and vault maps discovered:
D:1:      dpeg_arrival_castle, layout_basic, serial_forest,
          infiniplex_forest_straight_2, infiniplex_forest_straight_3,
          infiniplex_forest_clump_double, infiniplex_forest_lined_1,
          infiniplex_forest_clump_small, infiniplex_forest_straight_2,
          infiniplex_forest_lined_3_way
D:2:      layout_rooms
D:3:      layout_basic, general_overflow_altar, uniq_terence
D:4:      minmay_chambers_of_fours, layout_loops_ring, gup_sewer_entry_pipe,
          serial_shops, shop, uniq_ijyb
D:5:      layout_basic, guppyfry_shop_venom

Skill      XL: |  1  2  3  4  5  6  7 |
---------------+----------------------+-----
Armour         | 1 2 3 |  3.2
Axes           | 3 4 5 |  5.0
Fighting       | 4 |  4.0
Shields        | 1 3 |  3.1
Dodging        | |  2.6

Action                     |  1- 3 |  4- 6 |  7- 9 || total
---------------------------+-------+-------+-------++-------
  Melee: Hand axe          |    81 |    37 |       ||   118
         War axe           |       |   169 |    15 ||   184
  Throw: Javelin           |     3 |       |       ||     3
    Use: Scroll            |       |     1 |       ||     1
         Potion            |       |     1 |       ||     1
 Armour: Robe              |    14 |    56 |     7 ||    77
  Dodge: Dodged            |    57 |    71 |     5 ||   133
  Block: Kite shield       |       |   197 |    36 ||   233

Table legend: (Time is in decaauts)
 A = Elapsed time spent in this place.
 B = Non-inter-level travel time spent in this place.
 C = Inter-level travel time spent in this place.
 D = Time resting spent in this place.
 E = Time spent auto-exploring this place.
 F = Levels seen in this place.
 G = Mean time per level.
                   A        B        C        D        E       F      G
               +--------+--------+--------+--------+--------+-----+--------+
         Total |   3811 |   3591 |    220 |      0 |   2838 |   5 |  762.2 |
       Dungeon |   3811 |   3591 |    220 |      0 |   2838 |   5 |  762.2 |
               +--------+--------+--------+--------+--------+-----+--------+

Top non-repeatable levels by time:
     D:4: 1167 daAuts
     D:1: 1011 daAuts
     D:3: 1001 daAuts
     D:2: 538 daAuts
     D:5: 93 daAuts
